 Dungeon Crawl Stone Soup version 0.25.1-2-g60ff931df9 (webtiles) character file.

Game seed: 3724198866694894744

78 tempo the Magician (level 4, 0/25 HPs)
             Began as a Deep Elf Wizard on Oct 2, 2020.
             Slain by a black bear (7 damage)
             ... on level 3 of the Dungeon.
             The game lasted 00:05:36 (2760 turns).

tempo the Magician (Deep Elf Wizard)                Turns: 2760, Time: 00:05:36

Health: 0/25       AC:  3    Str:  4    XL:     4   Next: 15%
Magic:  1/13       EV: 11    Int: 24    God:
Gold:   130        SH:  0    Dex: 13    Spells: 3/14 levels left

rFire    . . .     SeeInvis .   (no weapon)
rCold    . . .     Gourm    .   (no shield)
rNeg     . . .     Faith    .   i - +0 leather armour
rPois    .         Spirit   .   b - +0 hat
rElec    .         Reflect  .   (no cloak)
rCorr    .         Harm     .   (no gloves)
MR       .....                  (no boots)
Stlth    ++........             (no amulet)
HPRegen  0.08/turn              m - ring of flight
MPRegen  0.13/turn              (no ring)

@: no status effects
A: no striking features
a: Evoke Flight


You were on level 3 of the Dungeon.
You were not hungry.

You visited 1 branch of the dungeon, and saw 3 of its levels.

You collected 130 gold pieces.

Inventory:

Missiles
 h - 55 bolts
Armour
 b - a +0 hat (worn)
 i - a +0 leather armour (worn)
Jewellery
 m - a ring of flight (left hand)
Scrolls
 e - 6 scrolls of identify {unknown}
 f - a scroll of magic mapping {unknown}
 k - a scroll of remove curse {unknown}
Potions
 a - a potion of magic {unknown}
 g - a potion of invisibility {unknown}
 j - a potion of curing {unknown}
 l - a potion of lignification {unknown}
Comestibles
 d - 5 rations


   Skills:
 - Level 1.0 Fighting
 - Level 1.0 Armour
 - Level 2.4 Dodging
 - Level 2.4 Stealth
 * Level 5.5 Spellcasting
 * Level 2.3 Conjurations
 - Level 1.1 Summonings
 - Level 1.1 Translocations
 + Level 0.4 Fire Magic
 + Level 0.2 Air Magic


You had 3 spell levels left.
You knew the following spells:

 Your Spells              Type           Power        Failure   Level  Hunger
a - Magic Dart            Conj           ###.         5%          1    None
b - Mephitic Cloud        Conj/Pois/Air  ##......     30%         3    #......
c - Call Imp              Summ           ##......     14%         2    None
d - Blink                 Tloc           N/A          14%         2    None
e - Conjure Flame         Conj/Fire      ##......     26%         3    #......

Your spell library contained the following spells:

 Spells                   Type           Power        Failure   Level  Hunger
 Slow                     Hex            #.......     22%         2    None


Dungeon Overview and Level Annotations

Branches:
Dungeon (3/15)

Altars:


Message History

The puff of frost hits the kobold.
The kobold dies!
The black bear bites you. The black bear claws you. x2
* * * LOW HITPOINT WARNING * * *
Casting: Call Imp (safe; 14% risk of failure)
Confirm with . or Enter, or press ? or * to list all spells.
You blink.
Your white imp gestures at the black bear.
The puff of frost hits the black bear!
Unknown command.
The black bear goes berserk!
The black bear bites your white imp.
The black bear claws your white imp but does no damage. x2
The black bear bites your white imp but does no damage.
The black bear claws your white imp.
Your white imp dies!
The black bear growls angrily.
Your magical contamination has completely faded away.
The black bear bites you!
You die...

######### #.......#
#.###########.#####^#
........K.....# #<#
..###.#.#####.#####.#
...#.............#h#
#........##h###.#.#
###......##@# #.#.#
.####.........###.#.#
.....##.#####.....).# ###...5#
#####.### .. #.##'## #.#
...#.#...## #.#####
...#......## #.....#
....s......## ##.###.# #
...#........####...##.########


You could see a black bear (berserk).

Vanquished Creatures
  An adder (D:3)
  2 worms (D:2)
  3 dart slugs
  A leopard gecko (D:1)
  2 giant cockroaches (D:1)
  6 goblins
  10 hobgoblins
  6 jackals
  A quokka (D:2)
  5 bats
  2 frilled lizards (D:1)
  5 kobolds
  6 rats
50 creatures vanquished.

Vanquished Creatures (collateral kills)
  A giant cockroach (D:3)
  A kobold (D:3)
2 creatures vanquished.

Grand Total: 52 creatures vanquished

Notes
Turn   | Place    | Note
-------+----------+-------------------------------------------
     0 | D:1      | tempo the Deep Elf Wizard began the quest for the Orb.
     0 | D:1      | Reached XP level 1. HP: 10/10 MP: 7/7
   173 | D:1      | Reached XP level 2. HP: 3/15 MP: 1/9
   780 | D:1      | Reached skill level 5 in Spellcasting
   974 | D:1      | Reached XP level 3. HP: 20/20 MP: 7/11
   979 | D:1      | Learned a level 3 spell: Mephitic Cloud
   982 | D:1      | Learned a level 2 spell: Call Imp
   985 | D:1      | Learned a level 2 spell: Blink
   989 | D:1      | Learned a level 3 spell: Conjure Flame
  1692 | D:2      | Reached skill level 1 in Fighting
  1802 | D:2      | Reached skill level 1 in Armour
  2453 | D:3      | Reached XP level 4. HP: 25/25 MP: 5/13
  2687 | D:3      | Noticed a black bear
  2760 | D:3      | Slain by a black bear

Illustrated notes

Levels and vault maps discovered:
D:1:      tarquinn_simple_flora_water_f, layout_basic
D:2:      layout_loops_ring, first_ration, solitary_fountain
D:3:      layout_loops_corners, nicolae_overflow_hidden_temple,
          old_standard_altar

Skill      XL: |  1  2  3 |
---------------+----------+-----
Spellcasting   | 5 |  5.5
Fighting       | 1 |  1.0
Armour         | 1 |  1.0
Conjurations   | 2 |  2.3
Dodging        | |  2.4
Stealth        | |  2.4
Summonings     | |  1.1
Translocations | |  1.1
Fire Magic     | |  0.4
Air Magic      | |  0.2

Action                   |  1- 3 |  4- 6 || total
-------------------------+-------+-------++-------
Melee: Unarmed           |     6 |     1 ||     7
 Cast: Magic Dart        |   137 |     9 ||   146
       Call Imp          |       |     3 ||     3
       Blink             |       |     2 ||     2
       Conjure Flame     |       |     1 ||     1
       Mephitic Cloud    |       |     1 ||     1
  Eat: Chunk             |     4 |     1 ||     5
Armor: Robe              |     1 |       ||     1
       Leather armour    |       |     8 ||     8
Dodge: Dodged            |    17 |    18 ||    35
